 Dungeon Crawl Stone Soup version 0.15-a0-2165-g9981db6 (webtiles) character file.

605429 PolkaDot the Imperceptible (level 26, -32/189 HPs)
             Began as a Vampire Enchanter on July 19, 2014.
             Was the Champion of Ashenzari.
             Annihilated by the royal jelly (35 damage)
             ... while paralysed
             ... on Level 6 of the Pits of Slime on July 21, 2014.
             The game lasted 12:39:29 (91921 turns).

PolkaDot the Imperceptible (Vampire Enchanter)     Turns: 91921, Time: 12:39:29

HP -32/189       AC -5     Str -3 (2)  XL: 26   Next: 61%
MP  40/47        EV  5     Int 30      God: Ashenzari [******]
Gold 5015        SH  0     Dex 19      Spells: 17 memorised,  2 levels left

rFire  . . .     SeeInvis +     u - melded +9 dagger (elec)
rCold  + + .     Clarity  +     r - melded +3 robe of Folly {Archmagi, MR-- Int+5 Curse}
rNeg   + + +     rCorr    .     c - melded +0 buckler of the Big Bang {Str+3}
rPois  +         rRot     +     R - melded +2 hat of the Bear Spirit {Spirit, +Rage rN+ MR++}
rElec  .         Spirit   .     Y - melded +2 cloak of the Other Side {rF+ Stlth++}
SustAb .         Warding  .     E - melded +2 pair of gloves {Str+3} (curse)
rMut   .         Stasis   .     T - melded +0 pair of boots of Noon {+Rage +Inv}
Gourm  .                        p - cursed amulet of faith
MR     ++...                    O - melded cursed +5 ring of slaying
                                C - melded cursed +5 ring of evasion

@: paralysed, brilliant, bat-form, corroded equipment, flying, very slightly
contaminated, bloodless, non-regenerating, hasted, lost strength, studying
Staves, very quick, very resistant to hostile enchantments, uncannily stealthy
A: bottle blood, (fangs 0), see invisible, (unbreathing)
a: Bottle Blood, End Transformation, Scrying, Transfer Knowledge, Renounce
Religion
}: 3/15 runes: decaying, serpentine, silver


You were on level 6 of the Pits of Slime.
You worshipped Ashenzari.
Ashenzari was exalted by your worship.
You were bloodless.
You were in vampire bat-form.
You visited 10 branches of the dungeon, and saw 57 of its levels.
You visited the Abyss 2 times.
You visited 1 Ziggurat, and saw 10 of its levels.
You also visited: Labyrinth, Sewer, Ice Cave and Volcano.

You collected 7527 gold pieces.
You spent 2512 gold pieces at shops.

Inventory:

Hand weapons
 b - a +9 blowgun
 u - a +9 dagger of electrocution (melded)
 N - the +7 lajatang of Order {silver, rMut}
   (You found it on level 3 of a ziggurat)
Missiles
 d - 8 curare-tipped needles
 H - 130 poisoned needles
 J - 8 throwing nets (quivered)
 Z - 2 needles of frenzy
Armour
 c - the cursed +0 buckler of the Big Bang (melded) {Str+3}
   (You found it on level 8 of the Lair of Beasts)

   It affects your strength (+3).
   It has a curse placed upon it.
 r - the cursed +3 robe of Folly (melded) {Archmagi, MR-- Int+5 Curse}
   (You bought it in a shop on level 5 of the Dungeon)

   It affects your intelligence (+5).
   It affects your resistance to hostile enchantments.
   It may recurse itself when equipped.
   It has a curse placed upon it.
 E - a cursed +2 pair of gloves of strength (melded)
 R - the cursed +2 hat of the Bear Spirit (melded) {Spirit, +Rage rN+ MR++}
   (You found it in a labyrinth)

   It protects you from negative energy.
   It affects your resistance to hostile enchantments.
   It lets you go berserk.
   It has a curse placed upon it.
 T - the cursed +0 pair of boots of Noon (melded) {+Rage +Inv}
   (You found it in a labyrinth)

   It lets you turn invisible.
   It lets you go berserk.
   It has a curse placed upon it.
 Y - the cursed +2 cloak of the Other Side (melded) {rF+ Stlth++}
   (You found it on level 4 of the Depths)

   It protects you from fire.
   It makes you much more stealthy.
   It has a curse placed upon it.
Magical devices
 h - a wand of digging (14)
 M - a wand of teleportation (3)
Scrolls
 a - 9 scrolls of fog
 e - a scroll of curse jewellery
 f - 8 scrolls of enchant armour
 g - 2 scrolls of recharging
 k - 3 scrolls of fear
 o - 4 scrolls of enchant weapon
 s - 12 scrolls of identify
 x - 9 scrolls of magic mapping
 y - 5 scrolls of curse armour
 A - a scroll of immolation
 I - a scroll of torment
Jewellery
 p - a cursed amulet of faith (around neck)
 C - a cursed +5 ring of evasion (melded)
 K - a +3 ring of dexterity
 O - a cursed +5 ring of slaying (melded)
Potions
 j - 3 potions of flight
 t - 2 potions of invisibility
 D - 2 potions of brilliance
 L - 2 potions of cancellation
 S - a potion of resistance
Books
 l - a manual of Staves
 n - a book of Clouds

   Spells                             Type                      Level
   Mephitic Cloud                     Conjuration/Poison/Air       3
   Conjure Flame                      Conjuration/Fire             3
   Poisonous Cloud                    Conjuration/Poison/Air       6
   Freezing Cloud                     Conjuration/Ice/Air          6
   Ring of Flames                     Charms/Fire                  7
 v - Epec Oriv's Second Course in Casting
   (You found it on level 5 of the Vaults)

   Spells                             Type                      Level
   Iron Shot                          Conjuration/Earth            6
   Conjure Ball Lightning             Conjuration/Air              6
   *Invisibility                      Hexes                        6
   Simulacrum                         Ice/Necromancy               6
   Ozocubu's Refrigeration            Ice                          6
   Statue Form                        Transmutation/Earth          6
 w - the Papyrus of Sinister Arts
   (You found it on level 3 of the Vaults)

   Spells                             Type                      Level
   Corpse Rot                         Necromancy                   2
   Bolt of Draining                   Conjuration/Necromancy       5
   Agony                              Necromancy                   5
   Dispel Undead                      Necromancy                   5
   Twisted Resurrection               Necromancy                   5
 B - the Tome of Curses
   (You found it on level 9 of a ziggurat)

   Spells                             Type                      Level
   *Corona                            Hexes                        1
   Confusing Touch                    Hexes                        2
   *Spectral Weapon                   Hexes/Charms                 3
   Fulminant Prism                    Conjuration/Hexes            4
   Cause Fear                         Hexes                        4
   Metabolic Englaciation             Hexes/Ice                    5
 Q - a book of the Warp

   Spells                             Type                      Level
   Control Teleport                   Charms/Translocation         4
   Phase Shift                        Translocation                5
   Warp Weapon                        Charms/Translocation         5
   Dispersal                          Translocation                6
   Controlled Blink                   Translocation                7
   Disjunction                        Translocation                8
 V - the Tome of Curses and Augmentations
   (You found it on level 7 of a ziggurat)

   Spells                             Type                      Level
   Sure Blade                         Hexes/Charms                 2
   Slow                               Hexes                        2
   *Confuse                           Hexes                        3
   *Spectral Weapon                   Hexes/Charms                 3
 W - a book of Battle

   Spells                             Type                      Level
   Infusion                           Charms                       1
   Shroud of Golubria                 Charms/Translocation         2
   Song of Slaying                    Charms                       2
   *Spectral Weapon                   Hexes/Charms                 3
   *Regeneration                      Charms/Necromancy            3


   Skills:
 - Level 11.5 Fighting
 * Level 11.3 Short Blades
 + Level 10.5 Staves
 - Level 5.0 Armour
 - Level 16.0(19.9) Dodging
 - Level 25.0(27) Stealth
 - Level 5.0(8.0) Shields
 + Level 23.0 Spellcasting
 - Level 24.4(27) Hexes
 - Level 10.4(14.6) Charms
 - Level 5.8(10.3) Translocations
 - Level 4.0(8.2) Transmutations
 - Level 3.0(6.8) Ice Magic


You had 2 spell levels left.
You knew the following spells:

 Your Spells              Type           Power        Failure   Level  Hunger
a - Corona                Hex            #######      1%          1    None
b - Spectral Weapon       Hex/Chrm       ########     1%          3    None
c - Confuse               Hex            ########     1%          3    None
d - Ensorcelled Hibernat  Hex/Ice        ######       1%          2    None
e - Enslavement           Hex            ########     1%          4    None
h - Haste                 Chrm           #######.     1%          6    None
i - Invisibility          Hex            ########     1%          6    None
p - Passwall              Trmt/Erth      ######....   1%          3    None
r - Regeneration          Chrm/Necr      #######...   1%          3    None
s - Dazzling Spray        Conj/Hex       #######.     1%          3    None
v - Summon Mana Viper     Hex/Summ       #######.     1%          5    None
A - Apportation           Tloc           #######...   1%          1    None
D - Deflect Missiles      Chrm/Air       #######...   3%          6    None
F - Flight                Chrm/Air       #######...   1%          3    None
Q - Silence               Hex/Air        #######...   1%          5    None
S - Darkness              Hex            ########..   1%          7    #......
Z - Discord               Hex            ########..   1%          8    ####...


Dungeon Overview and Level Annotations

Branches:
Dungeon (15/15)            Temple (1/1) D:7             Orc (4/4) D:9
    Elf (3/3) Orc:3          Lair (8/8) D:11          Swamp (5/5) Lair:3
  Snake (5/5) Lair:5        Slime (6/6) Lair:6       Vaults (5/5) D:13
  Crypt (0/3) Vaults:2        Zot (0/5) Depths:5     Depths (5/5) D:15

Altars:
Ashenzari
Cheibriados
Dithmenos
Elyvilon
Fedhas
Gozag
Kikubaaqudgha
Makhleb
Nemelex Xobeh
Okawaru
Qazlal
Sif Muna
Trog
Vehumet
Xom
Yredelemnul
Zin
The Shining One
Beogh
Jiyva
Lugonu

Shops:
D:5 [   D:8 *   Orc:4 :*[(   Elf:2 :   Elf:3 *   Snake:2 [   Snake:5 *
Vaults:2 *   Depths:3 *   Depths:5 *

Portals:
Hell: Depths:1 Depths:2 Depths:3 Depths:4 Depths:5
Abyss: Depths:4 Depths:5
Pandemonium: Depths:3 Depths:5

Annotations:
Slime:6 Royal Jelly
Vaults:3 Mennas
Depths:3 exclusion: door
Depths:4 exclusion: ice statue


Innate Abilities, Weirdness & Mutations

You do not heal naturally.
You can bottle blood from corpses.
((You have razor-sharp teeth.))*
You have supernaturally acute eyesight.
((You can survive without breathing.))*


Message History

The cursed +0 pair of boots of Noon {+Rage +Inv} melds into your body.
The cursed +0 buckler of the Big Bang {Str+3} melds into your body.
The cursed +3 robe of Folly {Archmagi, MR-- Int+5 Curse} melds into your body.
You feel strangely numb.
Your cursed +5 ring of evasion melds into your body.
Your cursed +5 ring of slaying melds into your body.
The royal jelly hits you!!!
You are splashed with acid!
The acid burns!
The royal jelly hits you!!
You are splashed with acid!
The acid burns!
A great orb of eyes comes into view.
The royal jelly hits you!!!
* * * LOW HITPOINT WARNING * * *
You are splashed with acid!
The acid burns!
* * * LOW HITPOINT WARNING * * *
The royal jelly hits you.
* * * LOW HITPOINT WARNING * * *
You are splashed with acid!
The acid burns!
* * * LOW HITPOINT WARNING * * *
A jelly comes into view.
The royal jelly hits you!!
You die...

.. . .# .. #.#.... . . . .
..∆ #.{# ∆∆. # ... . .. #.∆
∆#.##∆ ∆∆# .. . . .... ###
##. ## ### # . . . . .{.#._
.#. . .. . . ... # .. .{.G{
..#{{.# . .. ... # ## #JJ#
### ###. . .. . ..# # ∆∆
∆#J##∆ ∆∆ ## .. . . ... #
#∆∆∆∆ #.b# ∆∆∆∆ # .. ... ...
## ∆∆∆∆∆##.#∆∆∆∆∆ #..... .
... . ##∆∆∆##..#
∆∆∆###...... . ........
∆∆∆#.##∆∆∆###......... ..
...# ∆ #..##∆##........... .
..... # ##.####............
. . .
.#..#.....#............ . .
............................
. ...
.......................


You could see the royal jelly, a great orb of eyes and a jelly.

Vanquished Creatures
  The ghost of ghwc the Conqueror, a great HOGl of Beogh (Vaults:4)
  Sojobo (Vaults:4)
  2 golden dragons (Vaults:5)
  A bone dragon (Vaults:3)
  The ghost of patnam the Spry, a mighty DDFi of Makhleb (Vaults:5)
  3 tentacled monstrosities (Vaults:5)
  A deep elf blademaster (Elf:3)
  A deep elf master archer (Elf:3)
  3 titans
  4 storm dragons
  4 acid blobs
  A lich (Depths:3)
  3 sphinxes
  5 thorn hunters
  An azure jelly (Slime:3)
  5 tengu reavers
  2 shadow dragons
  7 fire giants
  Donald (D:13)
  Wiglaf (Vaults:3)
  8 frost giants
  An orc warlord (Orc:4)
  7 greater nagas
  Aizul (Snake:1)
  10 deep elf sorcerers
  12 vault wardens
  2 ghost moths (Zig:5)
  6 emperor scorpions
  Jorgrun (Vaults:2)
  12 stone giants
  4 war gargoyles (Depths:4)
  A draconian shifter (Depths:5)
  2 reapers (Zig:8)
  8 deep elf demonologists
  A draconian caller (Depths:5)
  10 deep elf annihilators
  A vampire knight (Depths:3)
  2 dire elephants (Depths:1)
  A purple draconian (Abyss:1)
  A yellow draconian (Depths:5)
  2 pale draconians (Depths:5)
  A minotaur (shapeshifter) (Depths:4)
  A death ooze (Slime:3)
  Snorg (Elf:1)
  3 deep elf death magi
  A merfolk impaler (Depths:2)
  9 crystal guardians (Depths:4)
  13 ettins
  5 minotaurs
  25 yaktaur captains
  A mummy priest (Zig:10)
  A green death (Depths:5)
  3 fire dragons
  11 hydras
  3 vault guards
  15 ironheart preservers
  3 deep elf high priests (Vaults:5)
  7 great orbs of eyes
  2 rakshasas
  Fannar (Lair:3)
  A spriggan air mage (Depths:4)
  Harold (D:15)
  16 naga warriors
  11 ice dragons
  A ravenous feature mimic (Elf:1)
  A spectral tengu (Vaults:3)
  9 ravenous item mimics
  13 anacondas
  Erica (Lair:6)
  7 alligators
  4 shambling mangroves
  4 naga sharpshooters
  4 deep troll shamans
  An anaconda (shapeshifter) (Vaults:3)
  12 centaur warriors
  The ghost of casual the Nimble, a powerful OpTm of Cheibriados (D:11)
  9 dancing weapons
  A thrashing horror (Abyss:1)
  30 death yaks
  2 spectral stone giants (Vaults:3)
  16 ogre magi
  3 tengu warriors
  3 deep troll earth magi
  2 hell hogs (Depths:3)
  2 large abominations (Abyss:3)
  2 orc high priests
  Urug (Orc:4)
  A shadow wraith (Vaults:3)
  15 hell knights
  A soul eater (Depths:3)
  A spriggan berserker (Swamp:2)
  Nergalle (D:12)
  8 shock serpents
  20 very ugly things
  26 deep elf knights
  3 starcursed masses (Abyss:3)
  A skeletal warrior (D:15)
  2 fire crabs
  3 catoblepae
  An iron troll (Depths:5)
  6 salamander mystics
  A shadow demon (Zig:2)
  An iron troll (shapeshifter) (Depths:4)
  A swamp dragon (shapeshifter) (Depths:4)
  A flayed ghost (Depths:5)
  5 wizards
  A ball lightning (Depths:4)
  A death drake (shapeshifter) (Depths:4)
  A giant orange brain (shapeshifter) (Zig:4)
  2 unseen horrors
  7 naga ritualists
  2 spriggan druids (Swamp:2)
  A death drake (Depths:5)
  3 unseen horrors (shapeshifter)
  19 deep trolls
  12 red wasps
  An orb spider (Zig:5)
  An ice statue (IceCv)
  A silver statue (Depths:4)
  5 hill giants
  6 giant orange brains
  4 lindwurms (Lair:8)
  7 swamp dragons
  Pikel (D:7)
  A griffon (shapeshifter) (Depths:4)
  2 harpies (shapeshifter)
  20 ironbrand convokers
  9 deep elf summoners
  2 sphinx zombies
  4 griffons
  15 harpies
  2 frost giant zombies
  9 phantasmal warriors
  14 deep elf conjurers
  A wolf spider (shapeshifter) (Zig:4)
  9 oklob plants
  A fire giant zombie (Vaults:5)
  9 salamanders
  2 red wasps (shapeshifter)
  10 necromancers
  23 orc knights
  3 orc sorcerers
  A cyclops (shapeshifter) (Depths:3)
  A faun (shapeshifter) (Depths:4)
  A salamander (shapeshifter) (Vaults:4)
  15 vault sentinels
  8 wolf spiders
  An apocalypse crab (Zig:4)
  9 mana vipers
  A manticore (Volcano)
  8 cyclopes
  An octopode (shapeshifter) (D:15)
  5 elephants (Lair:3)
  2 orange demons
  An eye of devastation (shapeshifter) (Depths:4)
  A frost giant skeleton (Vaults:3)
  A moth of wrath (Zig:7)
  An elephant (shapeshifter) (Depths:4)
  45 black mambas
  A centaur zombie (D:14)
  A torpor snail (shapeshifter) (Zig:4)
  11 boulder beetles
  6 guardian serpents
  4 molten gargoyles
  A centaur skeleton (D:15)
  A yaktaur zombie (Vaults:5)
  An iron devil (Vaults:5)
  22 naga magi
  2 smoke demons
  3 efreet
  32 spiny frogs
  6 kobold demonologists
  An item mimic (Lair:3)
  13 komodo dragons
  A fire drake (shapeshifter) (D:15)
  4 gargoyles
  A yaktaur (shapeshifter) (Vaults:3)
  56 yaktaurs
  6 wandering mushrooms
  6 tengu conjurers
  4 fire drakes
  3 hellwings
  2 guardian mummies
  13 deep elf priests
  2 fire vortices (Depths:4)
  2 jumping spiders
  Sonja (D:12)
  11 freezing wraiths
  15 polar bears
  A blue devil (Zig:7)
  26 ravens
  3 giant leeches
  A polar bear (shapeshifter) (Vaults:2)
  A merfolk (shapeshifter) (D:15)
  A queen bee (shapeshifter) (Vaults:1)
  8 trolls
  An ice dragon zombie (D:15)
  A frost giant simulacrum (Vaults:3)
  A stone giant simulacrum (Vaults:3)
  8 wind drakes
  57 slime creatures
  31 two-headed ogres
  8 bog bodies
  A snapping turtle (shapeshifter) (Depths:4)
  17 blink frogs
  25 deep elf magi
  A raiju (Abyss:2)
  A basilisk (shapeshifter) (Depths:4)
  13 redbacks
  6 wyverns
  2 tarantellas
  2 redbacks (shapeshifter)
  2 vampires
  A deep troll skeleton (Zig:2)
  95 yaks
  3 basilisks
  6 shadows
  12 water elementals
  4 air elementals
  2 trapdoor spiders (D:11)
  5 wraiths
  2 hungry ghosts
  11 hippogriffs
  7 spriggans
  2 hill giant zombies
  A trapdoor spider (shapeshifter) (Depths:4)
  3 fire bats
  A wolf (shapeshifter) (Depths:4)
  5 fire elementals (Depths:4)
  3 neqoxecs
  A golden eye (Abyss:3)
  61 ugly things
  5 swamp worm simulacra (Swamp:5)
  31 deep elf fighters
  27 swamp worms
  31 wolves
  4 human zombies
  2 steam dragons
  Edmund (D:6)
  A deep troll zombie (Depths:3)
  9 hell hounds (Depths:3)
  8 mottled dragons
  37 nagas
  A chaos spawn (Depths:5)
  27 vampire mosquitoes
  49 water moccasins
  13 wargs
  4 necrophages (Lair:5)
  9 porcupines
  A soldier ant (D:14)
  44 orc warriors
  2 human simulacra
  3 human skeletons
  6 spiders
  15 swamp drakes
  A swamp drake (shapeshifter) (Depths:4)
  14 hydra simulacra (Swamp:5)
  4 ice beasts
  69 ogres
  10 small abominations
  3 black bears
  6 sky beasts
  3 phantoms
  A black bear (shapeshifter) (Depths:4)
  An ettin simulacrum (Vaults:3)
  A tengu (shapeshifter) (Depths:4)
  13 yellow wasps
  25 centaurs
  3 boring beetles
  Sigmund (D:2)
  6 big kobolds
  16 crocodiles
  17 giant frogs
  11 earth elementals (Depths:4)
  A cyclops skeleton (D:9)
  A wyvern skeleton (D:9)
  A deep troll simulacrum (Vaults:1)
  13 insubstantial wisps
  6 scorpions
  An eye of draining (shapeshifter) (Elf:3)
  3 yak zombies
  3 eyes of draining
  2 oklob saplings (D:9)
  13 wights
  9 electric eels
  4 crimson imps
  A black bear zombie (D:5)
  4 goliath beetles
  2 quasits
  A gnoll shaman (D:6)
  3 lava snakes (Volcano)
  A giant frog skeleton (D:5)
  10 jellies
  35 orc wizards
  Crazy Yiuf (D:6)
  29 orc priests
  A basilisk zombie (D:14)
  16 hounds
  14 iguanas
  2 elf skeletons
  3 orange rats
  35 sheep
  11 worker ants
  A killer bee zombie (D:7)
  Ijyb (D:7)
  A big kobold skeleton (D:11)
  2 mummies
  2 worker ant zombies
  63 green rats
  An orc zombie (D:11)
  18 gnolls
  3 shadow imps
  39 adders
  A steam dragon skeleton (D:11)
  A giant mite (D:4)
  2 worms
  3 swamp drake simulacra (Swamp:5)
  2 giant geckos
  163 orcs
  6 ball pythons
  5 giant cockroaches
  13 goblins
  19 hobgoblins
  13 jackals
  51 kobolds
  11 quokkas
  15 bats
  4 giant newts
  A hobgoblin skeleton (D:8)
  2 orc skeletons
  19 rats
  A rat (shapeshifter) (Depths:4)
  7 ballistomycetes
  2 crawling corpses (Elf:3)
  A fungus (Lair:8)
  3 macabre masses (Abyss:3)
  6 plants (D:4)
2734 creatures vanquished.

Vanquished Creatures (collateral kills)
  A golden dragon (Vaults:5)
  A Hell Sentinel (Zig:8)
  A tentacled monstrosity (Depths:5)
  Asterion (Snake:3)
  A deep elf blademaster (Elf:3)
  Rupert (D:13)
  Roxanne (Snake:2)
  3 greater nagas
  3 deep elf sorcerers (Elf:3)
  A frost giant (Depths:3)
  A vault warden (Vaults:1)
  A reaper (Abyss:3)
  4 war gargoyles
  A deep elf demonologist (Vaults:5)
  2 stone giants
  3 crystal guardians
  A minotaur (shapeshifter) (Depths:4)
  An ettin (Zig:7)
  25 vault guards
  A rakshasa (Depths:3)
  6 ironheart preservers
  A ravenous item mimic (Depths:4)
  2 naga warriors
  A spriggan air mage (Depths:5)
  2 centaur warriors
  An ice dragon (Swamp:5)
  2 ogre magi
  A hydra (Lair:7)
  4 shock serpents
  7 dancing weapons
  An anaconda (Zig:6)
  4 deep troll shamans
  A tengu warrior (D:14)
  4 naga sharpshooters
  An orc high priest (Zig:7)
  A death yak (Depths:3)
  A wretched star (Abyss:3)
  A skeletal warrior (D:13)
  A salamander mystic (Zig:6)
  9 deep trolls
  A ball lightning (Depths:4)
  4 naga ritualists
  An ironbrand convoker (Vaults:3)
  A silver statue (Depths:4)
  A hill giant (Vaults:1)
  An orc sorcerer (Zig:7)
  An oklob plant (Zig:9)
  2 mana vipers
  A red wasp (shapeshifter) (D:13)
  A wolf spider (Lair:8)
  A cyclops (D:13)
  A phantasmal warrior (Zig:10)
  A manticore (shapeshifter) (Depths:3)
  2 smoke demons
  3 guardian serpents
  2 tormentors (Zig:8)
  5 black mambas
  An orange crystal statue (Depths:4)
  3 vault sentinels
  An iron devil (Zig:10)
  4 naga magi
  2 yaktaurs (Vaults:1)
  2 guardian mummies (Zig:10)
  3 starcursed masses (Abyss:3)
  A fire vortex (Depths:4)
  2 tengu simulacra
  A slime creature (Depths:1)
  2 two-headed ogres
  A catoblepas skeleton (D:11)
  A hydra skeleton (D:15)
  A boulder beetle (Vaults:5)
  5 ravens
  A trapdoor spider (Zig:10)
  A shadow (Zig:10)
  An air elemental (Depths:5)
  2 redbacks (Vaults:5)
  A tarantella (Vaults:5)
  15 humans (D:13)
  A spriggan (Swamp:2)
  3 ugly things
  A water elemental (Depths:1)
  A yak (shapeshifter) (Vaults:5)
  3 deep elf fighters
  A golden eye (shapeshifter) (Vaults:5)
  2 fire elementals (Depths:4)
  A swamp worm (Swamp:1)
  2 vampire mosquitoes (Swamp:2)
  3 water moccasins
  A hydra simulacrum (Swamp:5)
  4 nagas
  2 wargs
  7 ogres
  2 small abominations (Abyss:3)
  8 orc warriors
  A necrophage (Zig:10)
  An insubstantial wisp (Depths:4)
  A yaktaur skeleton (D:15)
  A crimson imp (Abyss:3)
  An orc priest (Orc:4)
  2 iron imps (Zig:8)
  3 orc wizards
  A worker ant (D:13)
  A sheep (shapeshifter) (Depths:4)
  A sheep (Lair:5)
  7 mummies (Zig:10)
  An adder (Lair:4)
  A white imp (Depths:4)
  An ufetubus (Depths:4)
  21 orcs
  2 goblins (Zig:7)
  2 hobgoblins (Zig:7)
  3 giant spores
278 creatures vanquished.

Vanquished Creatures (others)
  A storm dragon (Vaults:5)
  A vault warden (Vaults:1)
  A spectral weapon (Zig:8)
  2 vault guards (Vaults:5)
  A yaktaur captain (Vaults:5)
  An ogre mage (Vaults:2)
  A naga warrior (Zig:9)
  44 mana vipers
  6 ball lightnings (Depths:4)
  A flayed ghost (Zig:10)
  A deep elf summoner (Vaults:1)
  3 ice devils
  A faun (shapeshifter) (Depths:4)
  A harpy (Vaults:5)
  An orange demon (Zig:10)
  2 iron devils (Zig:8)
  3 guardian mummies (Zig:10)
  2 yaktaurs (Depths:5)
  An orc warrior (Zig:7)
  3 fire vortices (Depths:4)
  A raven (Depths:1)
  2 flying skulls (Zig:10)
  4 air elementals (Depths:4)
  An ugly thing (Vaults:5)
  A shadow (Zig:10)
  A vampire (Zig:8)
  4 water elementals (Depths:4)
  A human (D:13)
  2 deep elf fighters
  A wyvern (D:13)
  A hungry ghost (D:7)
  Menkaure (D:7)
  2 hippogriffs
  A hell hound (Zig:8)
  2 nagas (Snake:4)
  A phantom (D:7)
  A giant frog (D:7)
  2 slaves (D:7)
  A lost soul (Elf:3)
  A centaur (D:13)
  A quasit (Abyss:3)
  A centaur skeleton (D:7)
  A hound (Lair:7)
  2 iron imps (Zig:8)
  2 sheep (Lair:6)
  2 mummies (Zig:10)
  3 gnolls (D:7)
  A white imp (Abyss:3)
  5 ufetubi (Abyss:3)
  A giant eyeball (shapeshifter) (Depths:4)
  An ooze (shapeshifter) (Depths:4)
  An orc (Zig:7)
  A goblin (Zig:7)
  A hobgoblin (D:7)
  2 jackals (D:4)
  3 fungi
  A macabre mass (Abyss:3)
  20 plants
157 creatures vanquished.

Grand Total: 3169 creatures vanquished

Notes
Turn   | Place    | Note
--------------------------------------------------------------
     0 | D:1      | PolkaDot, the Vampire Enchanter, began the quest for the Orb.
     0 | D:1      | Reached XP level 1. HP: 13/13 MP: 3/3
   594 | D:1      | Reached XP level 2. HP: 19/19 MP: 4/4
   820 | D:1      | Learned a level 2 spell: Ensorcelled Hibernation
   991 | D:2      | Reached XP level 3. HP: 24/24 MP: 3/6
  1021 | D:2      | Learned a level 3 spell: Confuse
  1366 | D:2      | Noticed Sigmund
  1370 | D:2      | Gained mutation: You are dopey. (Int -2) [potion of mutation]
  1370 | D:2      | Gained mutation: You possess an exceptional clarity of mind. [potion of mutation]
  1370 | D:2      | Gained mutation: Armour fits poorly on your strangely shaped body. [potion of mutation]
  1387 | D:2      | Killed Sigmund
  1387 | D:2      | Reached skill level 5 in Short Blades
  1387 | D:2      | Reached XP level 4. HP: 30/30 MP: 0/7
  1749 | D:3      | Reached XP level 5. HP: 33/35 MP: 1/9
  1843 | D:3      | Found a burning altar of Makhleb.
  1846 | D:3      | Found a shimmering altar of Xom.
  1849 | D:3      | Found an iron altar of Okawaru.
  1852 | D:3      | Found an opulent altar of Gozag.
  2003 | D:3      | Noticed a sky beast
  2038 | D:3      | Killed a sky beast
  2141 | D:3      | Found a stormy altar of Qazlal.
  2701 | D:3      | Reached XP level 6. HP: 41/41 MP: 7/10
  2881 | D:4      | Reached skill level 5 in Hexes
  2953 | D:4      | Found a glowing drain.
  2964 | Sewer    | Entered a sewer
  2971 | Sewer    | Reached skill level 5 in Stealth
  3209 | Sewer    | Found a white marble altar of Elyvilon.
  3930 | D:4      | Reached skill level 6 in Hexes
  4193 | D:4      | Reached XP level 7. HP: 40/46 MP: 9/12
  4821 | D:5      | Entered Level 5 of the Dungeon
  4994 | D:5      | Found a sparkling altar of Nemelex Xobeh.
  5016 | D:5      | Reached skill level 7 in Hexes
  5032 | D:5      | Got a twisted leather armour
  5128 | D:5      | Found Sulihel's Antique Armour Emporium.
  5133 | D:5      | Bought an embroidered robe for 18 gold pieces
  5272 | D:5      | Found a bloodstained altar of Trog.
  5347 | D:5      | Found a glowing silver altar of Zin.
  5349 | D:5      | Found a shattered altar of Ashenzari.
  5505 | D:5      | Became a worshipper of Ashenzari the Shackled
  5512 | D:5      | Identified the +3 leather armour "Ryesaa" {Str+4} (You found it on level 5 of the Dungeon)
  5614 | D:5      | Reached skill level 8 in Hexes
  5686 | D:5      | Learned a level 4 spell: Enslavement
  5779 | D:5      | Reached XP level 8. HP: 52/52 MP: 13/13
  6108 | D:6      | Reached skill level 9 in Hexes
  6222 | D:6      | Reached skill level 1 in Armour
  6325 | D:6      | Noticed Edmund
  6331 | D:6      | Killed Edmund
  6628 | D:6      | Noticed Crazy Yiuf
  6634 | D:6      | Killed Crazy Yiuf
  6767 | D:7      | Noticed Pikel
  6811 | D:7      | Killed Pikel
  6811 | D:7      | Reached skill level 10 in Hexes
  6811 | D:7      | Reached XP level 9. HP: 57/57 MP: 5/14
  6920 | D:7      | Learned a level 2 spell: Sure Blade
  7005 | D:7      | Noticed Ijyb
  7050 | D:7      | Killed Ijyb
  7189 | D:7      | Killed Menkaure
  7295 | D:7      | Found a deep blue altar of Sif Muna.
  7453 | D:7      | Reached skill level 10 in Stealth
  7519 | D:7      | Found a basalt altar of Yredelemnul.
  7583 | D:7      | Found a staircase to the Ecumenical Temple.
  7590 | Temple   | Entered the Ecumenical Temple
  7878 | D:8      | Found a glowing golden altar of the Shining One.
  7885 | D:8      | Reached skill level 5 in Armour
  7995 | D:8      | Reached skill level 11 in Hexes
  8004 | D:8      | Noticed a cyclops
  8012 | D:8      | Killed a cyclops
  8017 | D:8      | Learned a level 3 spell: Passwall
  8022 | D:8      | Found a radiant altar of Vehumet.
  8030 | D:8      | Reached skill level 1 in Transmutations
  8063 | D:8      | Found Bugrien's General Store.
  8268 | D:8      | Found a blossoming altar of Fedhas.
  8337 | D:8      | Reached XP level 10. HP: 61/63 MP: 17/20
  8934 | D:8      | Reached skill level 5 in Spellcasting
  9063 | D:9      | Found a staircase to the Orcish Mines.
  9098 | D:9      | Reached skill level 12 in Hexes
  9280 | D:9      | Noticed a centaur warrior
  9300 | D:9      | Killed a centaur warrior
  9372 | D:9      | Learned a level 6 spell: Invisibility
  9558 | D:9      | Found a blossoming altar of Fedhas.
  9851 | D:9      | Reached XP level 11. HP: 68/68 MP: 26/26
  9911 | D:10     | Entered Level 10 of the Dungeon
 10188 | D:10     | Noticed a hill giant
 10200 | D:10     | Killed a hill giant
 10200 | D:10     | Reached skill level 13 in Stealth
 10280 | D:10     | Acquired Ashenzari's first power
 10850 | D:11     | Noticed casual's ghost (powerful OpTm)
 10887 | D:11     | Killed casual's ghost
 11018 | D:11     | Noticed a hill giant
 11042 | D:11     | Killed a hill giant
 11056 | D:11     | Reached skill level 14 in Stealth
 11750 | D:11     | Learned a level 8 spell: Discord
 11764 | D:11     | Reached XP level 12. HP: 39/74 MP: 26/30
 12049 | D:11     | Found a staircase to the Lair.
 12115 | D:11     | Reached skill level 10 in Spellcasting
 12388 | Lair:1   | Entered Level 1 of the Lair of Beasts
 12426 | Lair:1   | Acquired Ashenzari's second power
 12464 | Lair:1   | Reached skill level 15 in Stealth
 13517 | Lair:2   | Reached skill level 15 in Hexes
 13765 | Lair:2   | Learned a level 3 spell: Dazzling Spray
 14324 | Lair:3   | Noticed Fannar
 14337 | Lair:3   | Killed Fannar
 14418 | Lair:3   | Found a staircase to the Swamp.
 14551 | Lair:3   | Reached skill level 16 in Stealth
 14669 | Lair:3   | Acquired Ashenzari's third power
 14803 | Lair:3   | Reached XP level 13. HP: 79/79 MP: 32/32
 16137 | Lair:5   | Found a labyrinth entrance.
 16146 | Lab      | Entered a labyrinth
 16383 | Lab      | Identified the amulet "Bioppit" {Stasis rPois SInv} (You took it off a minotaur in a labyrinth)
 16390 | Lab      | Identified a +3 rod of clouds (9/9)
 16390 | Lab      | Identified a +1 rod of destruction (12/12)
 16391 | Lab      | Got the uncursed helmet "Poasemp" {Str-1 Int-3}
 16391 | Lab      | Got the uncursed pair of boots of Noon {+Rage +Inv}
 16399 | Lab      | Identified the +0 pair of boots of Noon {+Rage +Inv} (You found it in a labyrinth)
 16659 | Lair:5   | Found a dark tunnel.
 16664 | Volcano  | Entered a volcano
 16736 | Volcano  | Found a burning altar of Makhleb.
 16871 | Volcano  | Learned a level 5 spell: Summon Mana Viper
 17154 | Lair:5   | Found a staircase to the Snake Pit.
 17581 | Lair:5   | Identified the +10 whip "Killer Klown's Peril" {pain, +Blink rN+ Int-2}
 18081 | Lair:6   | Reached skill level 17 in Hexes
 18297 | Lair:6   | Acquired Ashenzari's fourth power
 18434 | Lair:6   | Noticed Erica
 18448 | Lair:6   | Killed Erica
 18749 | Lair:6   | Found a staircase to the Slime Pits.
 19241 | Lair:7   | Reached XP level 14. HP: 85/85 MP: 29/35
 19440 | Lair:7   | Reached skill level 18 in Hexes
 19612 | Lair:7   | Learned a level 3 spell: Flight
 20315 | Lair:8   | Entered Level 8 of the Lair of Beasts
 20370 | Lair:8   | Got the uncursed buckler of the Big Bang {Str+3}
 20374 | Lair:8   | Identified the +0 buckler of the Big Bang {Str+3} (You found it on level 8 of the Lair of Beasts)
 20503 | Lair:8   | Reached skill level 1 in Charms
 20505 | Lair:8   | Reached skill level 1 in Shields
 20961 | Lair:8   | Found a shimmering altar of Xom.
 21181 | Lair:8   | Reached skill level 19 in Hexes
 21678 | Lair:8   | Reached skill level 5 in Shields
 22605 | D:5      | Bought the cursed +3 robe of Folly {Archmagi, MR-- Int+5 Curse} for 1326 gold pieces
 23247 | Lair:8   | Reached XP level 15. HP: 90/90 MP: 33/36
 23506 | Lair:8   | Identified the +1 hunting sling of the Globe {velocity, rN+ MR++ Str-1 Dex+1}
 24382 | Lair:8   | Reached skill level 5 in Charms
 24815 | Swamp:1  | Entered Level 1 of the Swamp
 24889 | Swamp:1  | Reached skill level 20 in Hexes
 25720 | Swamp:2  | Identified the +11 scythe "Vudac" {distort, +Blink +Inv rC+ MR+}
 26409 | Swamp:2  | Noticed a thorn hunter
 26414 | Swamp:2  | Killed a thorn hunter
 26437 | Swamp:2  | Reached skill level 21 in Hexes
 27279 | Swamp:3  | Noticed a thorn hunter
 29199 | Swamp:4  | Noticed a thorn hunter
 29228 | Swamp:4  | Killed a thorn hunter
 29228 | Swamp:4  | Reached XP level 16. HP: 94/96 MP: 34/37
 29297 | Swamp:4  | Reached skill level 5 in Dodging
 29740 | Swamp:5  | Entered Level 5 of the Swamp
 30135 | Swamp:5  | Found a basalt altar of Yredelemnul.
 30691 | D:12     | Noticed Sonja
 30700 | D:12     | Killed Sonja
 30958 | D:12     | Noticed Nergalle
 30961 | D:12     | Killed Nergalle
 31154 | D:13     | Found a gate to the Vaults.
 31154 | D:13     | Noticed Donald
 31154 | D:13     | Noticed Rupert
 31793 | D:13     | Reached skill level 1 in Fighting
 31847 | D:13     | Killed Donald
 32190 | D:13     | Killed Rupert
 33061 | D:15     | Entered Level 15 of the Dungeon
 33114 | D:15     | Reached skill level 22 in Hexes
 33153 | D:15     | Found a glowing silver altar of Zin.
 33248 | D:15     | Found a staircase to the Depths.
 33551 | D:15     | Reached skill level 5 in Fighting
 34224 | D:15     | Noticed Harold
 34229 | D:15     | Killed Harold
 34838 | Snake:1  | Entered Level 1 of the Snake Pit
 35471 | Snake:1  | Noticed Aizul
 35471 | Snake:1  | Killed Aizul
 35989 | Snake:2  | Noticed Roxanne
 35989 | Snake:2  | Reached XP level 17. HP: 67/117 MP: 35/37
 36071 | Snake:2  | Killed Roxanne
 36095 | Snake:2  | Found a glowing golden altar of the Shining One.
 36128 | Snake:2  | Identified a scroll of acquirement
 36232 | Snake:2  | Found Hederul's Armour Shoppe.
 36246 | Snake:2  | Bought a +1 cloak of magic resistance for 214 gold pieces
 36863 | Snake:3  | Noticed Asterion
 37474 | Snake:3  | Killed Asterion
 38893 | Snake:4  | Reached skill level 15 in Spellcasting
 39119 | Snake:4  | Reached skill level 23 in Hexes
 39127 | Snake:4  | Learned a level 6 spell: Deflect Missiles
 39422 | Snake:4  | Upgraded the game from 0.15-a0-2151-gce93697 to 0.15-a0-2165-g9981db6
 40045 | Snake:5  | Entered Level 5 of the Snake Pit
 40427 | Snake:5  | Found Choaw's General Store.
 42237 | Snake:5  | Reached XP level 18. HP: 123/123 MP: 31/39
 42470 | Snake:5  | Got a serpentine rune of Zot
 42481 | Snake:5  | Reached skill level 10 in Short Blades
 43517 | Depths:1 | Entered Level 1 of the Depths
 43608 | Depths:1 | Found a shattered altar of Ashenzari.
 43980 | Depths:1 | Gained mutation: You passively map a small area around you. [potion of beneficial mutation]
 44191 | Depths:1 | Reached skill level 24 in Hexes
 45429 | Depths:1 | Found a gateway to Hell.
 46255 | Depths:2 | Identified the +3 blowgun of Radicalism {speed, rF+ SInv}
 46264 | Depths:2 | Identified the +2 leather armour "Edaxt" {Str+3 Dex-2}
 47387 | Depths:3 | Reached XP level 19. HP: 128/128 MP: 16/40
 47434 | Depths:3 | Paralysed by a vampire knight for 6 turns
 47926 | Depths:3 | Found a one-way gate leading to the halls of Pandemonium.
 48868 | Orc:1    | Entered Level 1 of the Orcish Mines
 49158 | Orc:1    | Found a frozen archway.
 49190 | IceCv    | Entered an ice cave
 50158 | Orc:2    | Found a roughly hewn altar of Beogh.
 50815 | Orc:3    | Found a staircase to the Elven Halls.
 51024 | Orc:4    | Entered Level 4 of the Orcish Mines
 51024 | Orc:4    | Found a roughly hewn altar of Beogh.
 51050 | Orc:4    | Found a roughly hewn altar of Beogh.
 51196 | Orc:4    | Found Ypesch's Antique Weapon Emporium.
 51255 | Orc:4    | Found Straisam's Antique Armour Emporium.
 51267 | Orc:4    | Bought a warped cloak for 237 gold pieces
 51267 | Orc:4    | Identified the cursed -5 cloak "Meohoet" {rPois Str+4} (You bought it in a shop on level 4 of the Orcish Mines)
 51430 | Orc:4    | Noticed Urug
 51452 | Orc:4    | Killed Urug
 51684 | Orc:4    | Found Wiab Kaa's Book Emporium.
 51709 | Orc:4    | Found Clolauf's General Store.
 51911 | Orc:4    | Bought a book of Cantrips for 360 gold pieces
 51914 | Orc:4    | Learned a level 1 spell: Apportation
 52391 | Swamp:3  | Killed a thorn hunter
 52725 | Swamp:3  | Reached skill level 1 in Translocations
 52861 | Swamp:3  | Noticed a thorn hunter
 52874 | Swamp:3  | Killed a thorn hunter
 53272 | Swamp:5  | Got a decaying rune of Zot
 53847 | D:11     | Lost mutation: You possess an exceptional clarity of mind. [potion of cure mutation]
 53847 | D:11     | Lost mutation: Armour fits poorly on your strangely shaped body. [potion of cure mutation]
 53847 | D:11     | Lost mutation: You passively map a small area around you. [potion of cure mutation]
 53847 | D:11     | Lost mutation: You are dopey. (Int -2) [potion of cure mutation]
 53901 | D:11     | Gained mutation: You are frail (-10% HP). [potion of mutation]
 53901 | D:11     | Gained mutation: You are clumsy. (Dex -2) [potion of mutation]
 53901 | D:11     | Lost mutation: You are clumsy. (Dex -2) [potion of mutation]
 53902 | D:11     | Lost mutation: You are frail (-10% HP). [potion of cure mutation]
 54002 | Lair:2   | Gained mutation: You can spit poison. [potion of mutation]
 54002 | Lair:2   | Gained mutation: You are somewhat resistant to further mutation. [potion of mutation]
 54613 | Depths:3 | HP: 5/128 [fire giant/fireball (12)]
 54817 | Depths:3 | Found Schediuju's Assorted Antiques.
 54833 | Depths:3 | Bought a runed cloak for 171 gold pieces
 54877 | Depths:3 | Learned a level 5 spell: Silence
 55126 | Depths:3 | Reached skill level 5 in Translocations
 55467 | Depths:3 | Found an iron altar of Okawaru.
 55479 | Depths:3 | Reached XP level 20. HP: 135/135 MP: 36/41
 56224 | Depths:3 | Reached skill level 25 in Stealth
 57285 | Depths:4 | Gained mutation: You are dopey. (Int -2) [potion of mutation]
 57286 | Depths:4 | Lost mutation: You are dopey. (Int -2) [potion of cure mutation]
 57286 | Depths:4 | Lost mutation: You can spit poison. [potion of cure mutation]
 57286 | Depths:4 | Lost mutation: You are somewhat resistant to further mutation. [potion of cure mutation]
 57656 | Depths:5 | Entered Level 5 of the Depths
 57700 | Depths:5 | Identified the +7 scale mail of the Doldrums {rN+}
 57888 | Depths:5 | Found Tippywn's General Store.
 58190 | Depths:5 | Found a corrupted altar of Lugonu.
 58659 | Depths:5 | Found a gate to the Realm of Zot.
 58820 | Depths:5 | Found a one-way gate to the infinite horrors of the Abyss.
 59054 | Depths:5 | Reached skill level 10 in Charms
 60156 | Depths:4 | Identified the +3 flail of Cugha {holy, rElec MR+}
 60502 | Vaults:1 | Entered Level 1 of the Vaults
 60968 | Vaults:1 | Found a roughly hewn altar of Beogh.
 61426 | Vaults:1 | Reached XP level 21. HP: 147/147 MP: 40/42
 63177 | Vaults:2 | Found Treakhiott's General Store.
 64204 | Vaults:2 | Noticed Jorgrun
 64210 | Vaults:2 | Killed Jorgrun
 64939 | Vaults:2 | Learned a level 7 spell: Darkness
 65344 | Vaults:2 | Found a staircase to the Crypt.
 65959 | Vaults:3 | Noticed Mennas
 66284 | Vaults:3 | Identified the Papyrus of Sinister Arts (You found it on level 3 of the Vaults)
 67430 | Vaults:3 | Reached XP level 22. HP: 153/153 MP: 44/44
 67946 | Vaults:3 | Noticed Wiglaf
 68045 | Vaults:3 | Gained mutation: Your body is slowly deteriorating. [mutagenic glow]
 68089 | Vaults:3 | Gained mutation: Armour fits poorly on your strangely shaped body. [mutagenic glow]
 69550 | Vaults:4 | Noticed Sojobo
 69861 | Vaults:4 | Noticed ghwc's ghost (great HOGl)
 71543 | Vaults:4 | Killed ghwc's ghost
 71549 | Vaults:4 | Learned a level 4 spell: Passage of Golubria
 71779 | Vaults:3 | Killed Wiglaf
 71953 | Vaults:4 | Killed Sojobo
 72202 | Vaults:5 | Entered Level 5 of the Vaults
 73282 | Vaults:5 | Noticed patnam's ghost (mighty DDFi)
 73369 | Vaults:5 | Killed patnam's ghost
 73514 | Vaults:5 | Identified the cursed +2 shortbow of the Eleven Spirits {venom, +Fly rPois rF+ rC++ MR++}
 73535 | Vaults:5 | Identified Epec Oriv's Second Course in Casting (You found it on level 5 of the Vaults)
 73705 | Vaults:5 | Learned a level 6 spell: Haste
 73966 | Vaults:5 | Lost mutation: Armour fits poorly on your strangely shaped body. [potion of cure mutation]
 73966 | Vaults:5 | Lost mutation: Your body is slowly deteriorating. [potion of cure mutation]
 74132 | Vaults:5 | Reached XP level 23. HP: 123/159 MP: 2/46
 74701 | Vaults:5 | Reached skill level 10 in Dodging
 74707 | Vaults:5 | Identified the cursed -4 plate armour of Freedom {rElec}
 74707 | Vaults:5 | Identified the cursed -4 cloak "Ydeggerch" {Int-3}
 74913 | Vaults:5 | Got a silver rune of Zot
 75063 | Vaults:5 | Identified a +6 rod of striking (11/12) (You took it off a tengu reaver on level 5 of the Vaults)
 75646 | Vaults:5 | Identified the cursed ring of Bistrema {MR+ MP+9 Str+1} (You acquired it on level 5 of the Vaults)
 77538 | Depths:4 | Identified the +3 hand crossbow of Amorality {penet, rPois}
 78147 | Depths:4 | Found a gateway to a ziggurat.
 78148 | Depths:4 | Identified the +2 cloak of the Other Side {rF+ Stlth++}
 78148 | Depths:4 | Identified the cursed -2 plate armour "Zoemalej" {rF+}
 78460 | Depths:4 | Identified the cursed +2 bastard sword of the Beast {freeze, rElec Dex+2 Int-1 SInv}
 78592 | Depths:4 | Identified the cursed +2 quarterstaff of Blanomuo {crush, rElec Str+2 Dex+4}
 78596 | Depths:4 | Reached skill level 10 in Fighting
 78899 | Depths:4 | Identified the +5 broad axe of the Gnat {holy, Dex+2} (You found it on level 4 of the Depths)
 78954 | Depths:4 | Voluntarily entered the Abyss.
 78954 | Abyss:1  | Found a corrupted altar of Lugonu.
 79670 | Abyss:3  | HP: 7/165 [glowing dire flail (15)]
 79681 | Abyss:4  | Found a corrupted altar of Lugonu.
 79784 | Abyss:4  | Identified the cursed -2 dagger "Sarhel" {drain, +Blink}
 79788 | Depths:4 | Escaped the Abyss
 80874 | Elf:1    | Entered Level 1 of the Elven Halls
 80883 | Elf:1    | Noticed Snorg
 80889 | Elf:1    | Killed Snorg
 82393 | Elf:2    | Identified the +0 robe "Pnuac" {rC+ rN+ MR++} (You took it off a deep elf mage on level 2 of the Elven Halls)
 82651 | Elf:2    | Found Khubleij's Book Shoppe.
 82906 | Elf:3    | Entered Level 3 of the Elven Halls
 83192 | Elf:3    | Reached XP level 24. HP: 174/174 MP: 33/46
 83457 | Elf:3    | Reached skill level 15 in Dodging
 83471 | Elf:3    | Identified the +4 morningstar of Ointment {crush, rC+ SInv} (You took it off a deep elf sorcerer on level 3 of the Elven Halls)
 83703 | Elf:3    | Found Gaobbao's Assorted Antiques.
 83709 | Elf:3    | Bought a pair of runed gloves for 153 gold pieces
 83877 | Elf:3    | Cast into the Abyss (deep elf sorcerer)
 83925 | Abyss:1  | Found a corrupted altar of Lugonu.
 84000 | Abyss:1  | Found an iron altar of Okawaru.
 84048 | Abyss:1  | Found an iron altar of Okawaru.
 84168 | Abyss:2  | Found a corrupted altar of Lugonu.
 84185 | Abyss:2  | Found a roughly hewn altar of Beogh.
 84293 | Elf:3    | Escaped the Abyss
 84612 | Elf:3    | Identified the cursed amulet "Zynwasuq" {Stasis rN+ Stlth--} (You acquired it on level 3 of the Elven Halls)
 84707 | Elf:3    | Identified the +5 plate armour of Mniziy {rPois rN+}
 84716 | Elf:3    | Identified the cursed -5 leather armour of Amorality {Dex+3 Int-2} (You took it off a deep elf sorcerer on level 3 of the Elven Halls)
 84782 | Elf:3    | Identified the Handbook of the Entourage and Ice (You found it on level 3 of the Elven Halls)
 84810 | Elf:3    | Identified a +2 rod of striking (9/9) (You took it off a deep elf knight on level 3 of the Elven Halls)
 84868 | Elf:3    | Identified the +8 demon whip of the Volcano {freeze, Str-1 Int+3} (You took it off a deep elf demonologist on level 3 of the Elven Halls)
 86249 | Zig:1    | Entered Level 1 of a ziggurat
 86366 | Zig:2    | Entered Level 2 of a ziggurat
 86373 | Zig:2    | Identified the +0 plate armour of Ycuzxuc {+Rage rN+ Str+2}
 86620 | Zig:3    | Entered Level 3 of a ziggurat
 86794 | Zig:4    | Entered Level 4 of a ziggurat
 86820 | Zig:5    | Entered Level 5 of a ziggurat
 86992 | Zig:5    | Reached skill level 5 in Staves
 86992 | Zig:5    | Reached XP level 25. HP: 182/182 MP: 41/47
 87205 | Zig:6    | Entered Level 6 of a ziggurat
 87214 | Zig:6    | Identified the cursed +6 cutlass "Hulk" {slice, +Blink rC++}
 87396 | Zig:7    | Entered Level 7 of a ziggurat
 87462 | Zig:7    | Identified the +2 scimitar of Defence {drain, -Tele Int+2}
 87503 | Zig:7    | Identified the Tome of Curses and Augmentations
 87691 | Zig:7    | Learned a level 3 spell: Regeneration
 87719 | Zig:8    | Entered Level 8 of a ziggurat
 87753 | Zig:8    | Identified the cursed +0 ring mail of Vlad {Slay-2}
 87753 | Zig:8    | Identified the +1 halberd "Manwuokk" {chop, -Tele +Inv rN+ Str+2 Dex-2}
 88057 | Zig:8    | Learned a level 3 spell: Spectral Weapon
 88429 | Zig:9    | Entered Level 9 of a ziggurat
 88511 | Zig:9    | Identified the Tome of Curses
 88512 | Zig:9    | Reached XP level 26. HP: 187/189 MP: 5/47
 88653 | Zig:10   | Entered Level 10 of a ziggurat
 90001 | Zig:10   | Reached skill level 10 in Staves
 90029 | Zig:10   | Identified the Compendium of Mutagenic Good Luck (You found it on level 10 of a ziggurat)
 90036 | Depths:4 | HP: 1/189 [mummy priest (17)]
 90475 | Vaults:2 | Bought a scroll of remove curse for 33 gold pieces
 91311 | Slime:1  | Entered Level 1 of the Pits of Slime
 91894 | Slime:6  | Entered Level 6 of the Pits of Slime
 91914 | Slime:6  | Found a viscous altar of Jiyva.
 91918 | Slime:6  | Noticed the royal jelly
 91919 | Slime:6  | Lost strength.
 91920 | Slime:6  | HP: 3/189 [acid (17)]
 91921 | Slime:6  | Annihilated by the royal jelly

Action                   |  1- 3 |  4- 6 |  7- 9 | 10-12 | 13-15 | 16-18 | 19-21 | 22-24 | 25-27 || total
-------------------------+-------+-------+-------+-------+-------+-------+-------+-------+-------++-------
Melee: Dagger            |    73 |   648 |   629 |   508 |  1100 |  1041 |  1603 |  1226 |    91 ||  6919
       Lajatang          |       |       |       |       |       |       |       |       |    81 ||    81
Throw: Throwing net      |       |       |       |       |       |       |     1 |     5 |       ||     6
 Cast: Corona            |     3 |       |       |     1 |     4 |     2 |     5 |     6 |     1 ||    22
       Ensorcelled Hiber |     6 |    45 |    75 |   136 |   169 |   145 |   147 |   122 |     3 ||   848
       Confuse           |     1 |       |     9 |    22 |    19 |    70 |    47 |    95 |       ||   263
       Enslavement       |       |       |     1 |     3 |    19 |    42 |    72 |    59 |     3 ||   199
       Invisibility      |       |       |       |    10 |    29 |    26 |    52 |    43 |    11 ||   171
       Passwall          |       |       |       |     2 |     9 |    47 |    28 |    27 |     9 ||   122
       Flight            |       |       |       |       |    39 |    19 |    20 |     5 |     1 ||    84
       Dazzling Spray    |       |       |       |       |    18 |    51 |    13 |    67 |       ||   149
       Sure Blade        |       |       |       |       |     1 |     2 |     2 |     3 |       ||     8
       Summon Mana Viper |       |       |       |       |       |    34 |    32 |    59 |     6 ||   131
       Discord           |       |       |       |       |       |     3 |     2 |     4 |    14 ||    23
       Deflect Missiles  |       |       |       |       |       |     2 |     3 |     3 |       ||     8
       Silence           |       |       |       |       |       |       |     2 |     5 |       ||     7
       Apportation       |       |       |       |       |       |       |     1 |     1 |     1 ||     3
       Darkness          |       |       |       |       |       |       |     6 |    49 |    55 ||   110
       Passage of Golubr |       |       |       |       |       |       |       |     3 |       ||     3
       Haste             |       |       |       |       |       |       |       |    20 |     6 ||    26
       Regeneration      |       |       |       |       |       |       |       |       |    39 ||    39
       Spectral Weapon   |       |       |       |       |       |       |       |       |     1 ||     1
Invok: Scrying           |       |       |       |       |     1 |     1 |     1 |    18 |     2 ||    23
 Abil: Bat Form          |       |     1 |       |       |     3 |     1 |       |     5 |     1 ||    11
       End Transformatio |       |     1 |       |       |     3 |     1 |       |     5 |       ||    10
       Bottle Blood      |       |       |       |       |       |       |       |       |    18 ||    18
Evoke: Wand              |       |     1 |       |     3 |     3 |    11 |    37 |     6 |       ||    61
  Use: Scroll            |     6 |     4 |     7 |     8 |    21 |    44 |    22 |    19 |    12 ||   143
       Potion            |     4 |       |     1 |     4 |    11 |    11 |    23 |    16 |     9 ||    79
 Stab: Sleeping          |    13 |    34 |    70 |   193 |   325 |   296 |   383 |   238 |    42 ||  1594
       Distracted        |       |     1 |     2 |     4 |     5 |    11 |    24 |    26 |     3 ||    76
       Confused          |       |       |     8 |    18 |    17 |    37 |    27 |    36 |       ||   143
       Invisible         |       |       |       |    16 |    63 |    68 |   140 |   116 |    23 ||   426
       Betrayed ally     |       |       |       |       |     6 |     5 |     8 |     4 |       ||    23
       Held in net/web   |       |       |       |       |       |       |     1 |     3 |       ||     4
       Paralysed         |       |       |       |       |       |       |     1 |     1 |       ||     2
  Eat: Corpse            |       |       |       |       |     2 |     4 |     7 |    10 |     3 ||    26
